TOP OF THE 1ST |
Surprise Shockers batting - Pitching for Ellesmere Island Snowpeople : RHP José Ramos
|
Pitching: RHP José Ramos
|
|
Batting: SHB Lee Wells
|
0-0: Ball 1-0: Ball 2-0: Fly out, F7 (Flyball, 7S, EV 84.4 MPH)
|
Batting: RHB Takahiro Kouno
|
0-0: Swinging Strike 0-1: Swinging Strike 0-2: Strikes out swinging
|
Batting: RHB Takechi Estribera
|
0-0: Ground out 6-3 (Groundball, 6, EV 81.9 MPH)
|
Top of the 1st over - 0 runs, 0 hits, 0 errors, 0 left on base; Surprise 0 - Ellesmere Island 0 |
BOTTOM OF THE 1ST |
Ellesmere Island Snowpeople batting - Pitching for Surprise Shockers : RHP Dong-hoon An
|
Pitching: RHP Dong-hoon An
|
|
Batting: RHB Greg Myers
|
0-0: Ball 1-0: Ball 2-0: Ball 3-0: Called Strike 3-1: Base on Balls
|
Batting: RHB Norberto Pedreiro
|
0-0: Ball 1-0: Foul Ball, location: 2F 1-1: SINGLE (Line Drive, 5D, EV 108.1 MPH) Greg Myers to second
|
Batting: RHB Basilio Penni
|
0-0: Called Strike 0-1: Grounds into double play, 3-6-1 (Groundball, 34, EV 111.2 MPH) Greg Myers to third
|
Batting: LHB Shu-yaan Hor
|
0-0: Foul Ball, location: 2F 0-1: Foul Ball, location: 2F 0-2: Foul Ball, location: 2F 0-2: Foul Ball, location: 2F 0-2: Foul Ball, location: 2F 0-2: Ball 1-2: Foul Ball, location: 2F 1-2: Ball 2-2: Ball 3-2: Foul Ball, location: 2F 3-2: Base on Balls
|
Batting: RHB Horace O'Reilly
|
0-0: Ball 1-0: Fly out, F8 (Line Drive, 8RD, EV 102.5 MPH)
|
Bottom of the 1st over - 0 runs, 1 hit, 0 errors, 2 left on base; Surprise 0 - Ellesmere Island 0 |
TOP OF THE 2ND |
Surprise Shockers batting - Pitching for Ellesmere Island Snowpeople : RHP José Ramos
|
Batting: LHB Gabriel Quintana
|
0-0: Foul Ball, location: 2F 0-1: Called Strike 0-2: Strikes out swinging
|
Batting: RHB Luis Martínez
|
0-0: Called Strike 0-1: Called Strike 0-2: Fly out, F8 (Line Drive, 8RD, EV 90.0 MPH)
|
Batting: RHB Francis Caswell
|
0-0: Ball 1-0: Ball 2-0: Swinging Strike 2-1: Ball 3-1: Base on Balls
|
Batting: RHB Jemke Boer
|
0-0: Foul Ball, location: 2F 0-1: Ball 1-1: Ball 2-1: Fielders Choice at 2nd, 5-4 (Groundball, 56, EV 88.8 MPH)
|
Top of the 2nd over - 0 runs, 0 hits, 0 errors, 1 left on base; Surprise 0 - Ellesmere Island 0 |
BOTTOM OF THE 2ND |
Ellesmere Island Snowpeople batting - Pitching for Surprise Shockers : RHP Dong-hoon An
|
Batting: RHB Shingen Sato
|
0-0: Ball 1-0: Foul Ball, location: 2F 1-1: Ball 2-1: Swinging Strike 2-2: Strikes out swinging
|
Batting: RHB Cal Smith
|
0-0: Foul Ball, location: 2F 0-1: Ball 1-1: Foul Ball, location: 2F 1-2: Ball 2-2: Fly out, F9 (Line Drive, 9, EV 90.6 MPH)
|
Batting: RHB Octávio Fuentes
|
0-0: Ground out 3-1 (Groundball, 34S, EV 75.6 MPH)
|
Bottom of the 2nd over - 0 runs, 0 hits, 0 errors, 0 left on base; Surprise 0 - Ellesmere Island 0 |
TOP OF THE 3RD |
Surprise Shockers batting - Pitching for Ellesmere Island Snowpeople : RHP José Ramos
|
Batting: RHB Harry McLymont
|
0-0: Ball 1-0: Ball 2-0: Ball 3-0: Called Strike 3-1: Swinging Strike 3-2: Ground out 5-3 (Groundball, 56, EV 93.1 MPH)
|
Batting: RHB José Cortéz
|
0-0: Swinging Strike 0-1: Foul Ball, location: 2F 0-2: SINGLE (Groundball, 6M, EV 90.0 MPH) (infield hit)
|
Batting: SHB Lee Wells
|
0-0: Ball 1-0: Called Strike 1-1: Swinging Strike 1-2: SINGLE (Line Drive, 9S, EV 101.9 MPH) José Cortéz to second
|
Batting: RHB Takahiro Kouno
|
0-0: Called Strike 0-1: Called Strike 0-2: Fielders Choice at 2nd, 4-6 (Groundball, 4S, EV 78.1 MPH) José Cortéz to third
|
Batting: RHB Takechi Estribera
|
0-0: Called Strike 0-1: Ball 1-1: Called Strike 1-2: Foul Ball, location: 2F 1-2: Ball 2-2: Ground out 6-3 (Groundball, 6S, EV 70.6 MPH)
|
Top of the 3rd over - 0 runs, 2 hits, 0 errors, 2 left on base; Surprise 0 - Ellesmere Island 0 |
BOTTOM OF THE 3RD |
Ellesmere Island Snowpeople batting - Pitching for Surprise Shockers : RHP Dong-hoon An
|
Batting: RHB César Márquez
|
0-0: Called Strike 0-1: Swinging Strike 0-2: Strikes out swinging
|
Batting: RHB Greg Myers
|
0-0: Ball 1-0: Ball 2-0: Foul Ball, location: 2F 2-1: Foul Ball, location: 2F 2-2: Strikes out swinging
|
Batting: RHB Norberto Pedreiro
|
0-0: Ball 1-0: Ball 2-0: Swinging Strike 2-1: Ball 3-1: Fly out, F8 (Flyball, 8LD, EV 90.6 MPH)
|
Bottom of the 3rd over - 0 runs, 0 hits, 0 errors, 0 left on base; Surprise 0 - Ellesmere Island 0 |
TOP OF THE 4TH |
Surprise Shockers batting - Pitching for Ellesmere Island Snowpeople : RHP José Ramos
|
Batting: LHB Gabriel Quintana
|
0-0: Called Strike 0-1: Swinging Strike 0-2: Ball 1-2: Ball 2-2: Ball 3-2: Foul Ball, location: 2F 3-2: Foul Ball, location: 2F 3-2: Base on Balls
|
Batting: RHB Luis Martínez
|
0-0: Called Strike 0-1: Called Strike 0-2: Ball 1-2: Foul Ball, location: 2F 1-2: SINGLE (Line Drive, 89S, EV 95.0 MPH) Gabriel Quintana to second
|
Batting: RHB Francis Caswell
|
0-0: Called Strike 0-1: Foul Ball, location: 2F 0-2: SINGLE (Groundball, 6MD, EV 101.9 MPH) (infield hit) Gabriel Quintana to third Luis Martínez to second
|
Batting: RHB Jemke Boer
|
0-0: Ball 1-0: Called Strike 1-1: Grounds into double play, 5-4-3 (Groundball, 56, EV 93.8 MPH) Gabriel Quintana scores Luis Martínez to third
|
Batting: RHB Harry McLymont
|
0-0: Swinging Strike 0-1: Foul Ball, location: 2F 0-2: Strikes out looking
|
Top of the 4th over - 1 run, 2 hits, 0 errors, 1 left on base; Surprise 1 - Ellesmere Island 0 |
BOTTOM OF THE 4TH |
Ellesmere Island Snowpeople batting - Pitching for Surprise Shockers : RHP Dong-hoon An
|
Batting: RHB Basilio Penni
|
0-0: Ball 1-0: Ball 2-0: Ball 3-0: Foul Ball, location: 2F 3-1: Base on Balls
|
Batting: LHB Shu-yaan Hor
|
0-0: Foul Ball, location: 2F 0-1: Fly out, F7 (Line Drive, 7LS, EV 103.8 MPH)
|
Batting: RHB Horace O'Reilly
|
0-0: Fly out, F9 (Flyball, 9, EV 95.0 MPH)
|
Batting: RHB Shingen Sato
|
0-0: Called Strike 0-1: Ball 1-1: SINGLE (Groundball, 5S, EV 70.6 MPH) (infield hit) Basilio Penni to second
|
Batting: RHB Cal Smith
|
0-0: Ground out 4-3 (Groundball, 4, EV 91.9 MPH)
|
Bottom of the 4th over - 0 runs, 1 hit, 0 errors, 2 left on base; Surprise 1 - Ellesmere Island 0 |
TOP OF THE 5TH |
Surprise Shockers batting - Pitching for Ellesmere Island Snowpeople : RHP José Ramos
|
Batting: RHB José Cortéz
|
0-0: Ball 1-0: Fly out, F8 (Flyball, 8RD, EV 102.5 MPH)
|
Batting: SHB Lee Wells
|
0-0: Called Strike 0-1: Foul Ball, location: 2F 0-2: Strikes out swinging
|
Batting: RHB Takahiro Kouno
|
0-0: Ball 1-0: Ball 2-0: Foul Ball, location: 2F 2-1: Ball 3-1: Base on Balls
|
Batting: RHB Takechi Estribera
|
0-0: Ball 1-0: Ball 2-0: Ball 3-0: Called Strike 3-1: Fly out, F8 (Flyball, 89D, EV 107.5 MPH)
|
Top of the 5th over - 0 runs, 0 hits, 0 errors, 1 left on base; Surprise 1 - Ellesmere Island 0 |
BOTTOM OF THE 5TH |
Ellesmere Island Snowpeople batting - Pitching for Surprise Shockers : RHP Dong-hoon An
|
Batting: RHB Octávio Fuentes
|
0-0: Fly out, F4 (Line Drive, 4, EV 66.9 MPH)
|
Batting: RHB César Márquez
|
0-0: Ball 1-0: Called Strike 1-1: Ball 2-1: Ball 3-1: Swinging Strike 3-2: Foul Ball, location: 2F 3-2: Strikes out swinging
|
Batting: RHB Greg Myers
|
0-0: Called Strike 0-1: Ball 1-1: Ball 2-1: Ball 3-1: Foul Ball, location: 2F 3-2: SINGLE (Flyball, 7LS, EV 91.9 MPH)
|
Batting: RHB Norberto Pedreiro
|
0-0: Called Strike 0-1: Ball 1-1: Ball Greg Myers steals 2nd, throwing error, E2 Greg Myers to third 2-1: Ball 3-1: Called Strike 3-2: Foul Ball, location: 2F 3-2: Foul Ball, location: 2F 3-2: Fly out, F7 (Flyball, 7LM, EV 86.9 MPH)
|
Bottom of the 5th over - 0 runs, 1 hit, 1 error, 1 left on base; Surprise 1 - Ellesmere Island 0 |
TOP OF THE 6TH |
Surprise Shockers batting - Pitching for Ellesmere Island Snowpeople : RHP José Ramos
|
Batting: LHB Gabriel Quintana
|
0-0: Ball 1-0: Ball 2-0: Foul Ball, location: 2F 2-1: Foul Ball, location: 2F 2-2: Foul Ball, location: 2F 2-2: Ball 3-2: Foul Ball, location: 2F 3-2: DOUBLE (Line Drive, 5D, EV 98.1 MPH)
|
Batting: RHB Luis Martínez
|
0-0: Ball 1-0: Fly out, F3 (Popup, 3S, EV 75.6 MPH)
|
Batting: RHB Francis Caswell
|
0-0: Called Strike 0-1: Swinging Strike 0-2: Strikes out swinging
|
Batting: RHB Jemke Boer
|
0-0: Called Strike 0-1: Ball 1-1: Hit by Pitch
|
Batting: RHB Harry McLymont
|
0-0: Fly out, F8 (Flyball, 8RD, EV 88.8 MPH)
|
Top of the 6th over - 0 runs, 1 hit, 0 errors, 2 left on base; Surprise 1 - Ellesmere Island 0 |
BOTTOM OF THE 6TH |
Ellesmere Island Snowpeople batting - Pitching for Surprise Shockers : RHP Dong-hoon An
|
Batting: RHB Basilio Penni
|
0-0: Swinging Strike 0-1: Foul Ball, location: 2F 0-2: Ball 1-2: Foul Ball, location: 2F 1-2: Foul Ball, location: 2F 1-2: Strikes out swinging
|
Batting: LHB Shu-yaan Hor
|
0-0: Called Strike 0-1: Fly out, F9 (Flyball, 9S, EV 81.2 MPH)
|
Batting: RHB Horace O'Reilly
|
0-0: Swinging Strike 0-1: Swinging Strike 0-2: Ball 1-2: Foul Ball, location: 2F 1-2: Strikes out swinging
|
Bottom of the 6th over - 0 runs, 0 hits, 0 errors, 0 left on base; Surprise 1 - Ellesmere Island 0 |
TOP OF THE 7TH |
Surprise Shockers batting - Pitching for Ellesmere Island Snowpeople : RHP José Ramos
|
Batting: RHB José Cortéz
|
0-0: Called Strike 0-1: Ball 1-1: Foul Ball, location: 2F 1-2: Ball 2-2: Foul Ball, location: 2F 2-2: Foul Ball, location: 2F 2-2: Foul Ball, location: 2F 2-2: Ball 3-2: Strikes out swinging
|
Batting: SHB Lee Wells
|
0-0: Ball 1-0: Ground out 4-3 (Groundball, 4, EV 108.8 MPH)
|
Batting: RHB Takahiro Kouno
|
0-0: Called Strike 0-1: Fly out, F6 (Line Drive, 6, EV 69.4 MPH)
|
Top of the 7th over - 0 runs, 0 hits, 0 errors, 0 left on base; Surprise 1 - Ellesmere Island 0 |
BOTTOM OF THE 7TH |
Ellesmere Island Snowpeople batting - Pitching for Surprise Shockers : RHP Dong-hoon An
|
Pitching: LHP Waleliano Girawheen
|
|
Batting: RHB Shingen Sato
|
0-0: DOUBLE (Line Drive, 9LD, EV 108.1 MPH)
|
Batting: RHB Cal Smith
|
0-0: Ball 1-0: Swinging Strike 1-1: Foul Ball, location: 2F 1-2: Ground out 1-3 (Groundball, 15S, EV 75.0 MPH)
|
Batting: RHB Octávio Fuentes
|
0-0: Ball 1-0: Ground out U3 (Groundball, 34S, EV 69.4 MPH) Shingen Sato to third
|
Batting: RHB César Márquez
|
0-0: SINGLE (Line Drive, 89S, EV 95.0 MPH) Shingen Sato scores
|
Batting: RHB Greg Myers
|
0-0: Foul Ball, location: 2F 0-1: Foul Ball, location: 2F 0-2: Strikes out looking
|
Bottom of the 7th over - 1 run, 2 hits, 0 errors, 1 left on base; Surprise 1 - Ellesmere Island 1 |
TOP OF THE 8TH |
Surprise Shockers batting - Pitching for Ellesmere Island Snowpeople : RHP José Ramos
|
Pitching: RHP Yasuoka Miyazaki
|
|
Batting: RHB Takechi Estribera
|
0-0: Called Strike 0-1: Ground out 6-3 (Groundball, 6, EV 101.2 MPH)
|
Batting: LHB Gabriel Quintana
|
0-0: Ball 1-0: Ball 2-0: Called Strike 2-1: Ball 3-1: Base on Balls
|
Batting: RHB Luis Martínez
|
0-0: SINGLE (Groundball, 34D, EV 100.0 MPH) Gabriel Quintana to second Runner from 2nd tries for 3rd, SAFE, throw by RF made to third
|
Batting: RHB Francis Caswell
|
0-0: Called Strike 0-1: DOUBLE (Line Drive, 9LS, EV 98.8 MPH) Gabriel Quintana scores Luis Martínez to third Runner from 3rd tries for Home, SAFE, no throw by RF
|
Batting: RHB Jemke Boer
|
0-0: Ball 1-0: Ball 2-0: Called Strike 2-1: Ball Wild Pitch! Francis Caswell to third 3-1: Foul Ball, location: 2F 3-2: Foul Ball, location: 2F 3-2: Ground out 4-3 (Groundball, 34, EV 91.9 MPH) Francis Caswell scores
|
Batting: RHB Harry McLymont
|
0-0: Ball 1-0: Ball 2-0: Swinging Strike 2-1: SINGLE (Groundball, 13S, EV 65.0 MPH) (infield hit)
|
Batting: RHB José Cortéz
|
0-0: Swinging Strike 0-1: Swinging Strike 0-2: Strikes out swinging
|
Top of the 8th over - 3 runs, 3 hits, 0 errors, 1 left on base; Surprise 4 - Ellesmere Island 1 |
BOTTOM OF THE 8TH |
Ellesmere Island Snowpeople batting - Pitching for Surprise Shockers : LHP Waleliano Girawheen
|
Batting: RHB Norberto Pedreiro
|
0-0: Foul Ball, location: 2F 0-1: SOLO HOME RUN (Flyball, 8LXD, EV 93.1 MPH) (Inside the Park)
|
Batting: RHB Basilio Penni
|
0-0: Ball 1-0: Ball 2-0: Fly out, F7 (Line Drive, 8LM, EV 88.8 MPH)
|
Batting: LHB Shu-yaan Hor
|
0-0: Reached on error, E7 (Flyball, 78M, EV 89.4 MPH)
|
Batting: RHB Horace O'Reilly
|
0-0: Ball 1-0: Foul Ball, location: 2F 1-1: Ball 2-1: Fielders Choice at 2nd, 5-4 (Groundball, 5, EV 85.0 MPH)
|
Batting: RHB Shingen Sato
|
0-0: Ball 1-0: Ball 2-0: Called Strike 2-1: Ball 3-1: Called Strike 3-2: Foul Ball, location: 2F 3-2: Foul Ball, location: 2F 3-2: Base on Balls Horace O'Reilly to second
|
Pitching: LHP Jaffar Khosa
|
|
Batting: RHB Cal Smith
|
0-0: Ball 1-0: Ball 2-0: Called Strike 2-1: Foul Ball, location: 2F 2-2: Foul Ball, location: 2F 2-2: Ground out 4-3 (Groundball, 34, EV 80.6 MPH)
|
Bottom of the 8th over - 1 run, 1 hit, 1 error, 2 left on base; Surprise 4 - Ellesmere Island 2 |
TOP OF THE 9TH |
Surprise Shockers batting - Pitching for Ellesmere Island Snowpeople : RHP Yasuoka Miyazaki
|
Batting: SHB Lee Wells
|
0-0: Ground out 6-3 (Groundball, 6, EV 98.8 MPH)
|
Batting: RHB Takahiro Kouno
|
0-0: Foul Ball, location: 2F 0-1: Ground out 4-3 (Groundball, 4D, EV 103.8 MPH)
|
Batting: RHB Takechi Estribera
|
0-0: Ball 1-0: Called Strike 1-1: Ball 2-1: Ball 3-1: Foul Ball, location: 2F 3-2: Base on Balls
|
Batting: LHB Gabriel Quintana
|
0-0: Ball 1-0: Ball 2-0: Ball 3-0: Called Strike 3-1: Base on Balls Takechi Estribera to second
|
Batting: RHB Luis Martínez
|
0-0: Hit by Pitch Takechi Estribera to third Gabriel Quintana to second
|
Batting: RHB Francis Caswell
|
0-0: Ball 1-0: Fly out, F7 (Flyball, 7S, EV 76.2 MPH)
|
Top of the 9th over - 0 runs, 0 hits, 0 errors, 3 left on base; Surprise 4 - Ellesmere Island 2 |
BOTTOM OF THE 9TH |
Ellesmere Island Snowpeople batting - Pitching for Surprise Shockers : LHP Jaffar Khosa
|
Pitching: RHP Octávio Ortíz
|
|
Batting: RHB Octávio Fuentes
|
0-0: Ground out 5-3 (Groundball, 5S, EV 87.5 MPH)
|
Batting: RHB César Márquez
|
0-0: Ball 1-0: Ground out 4-3 (Groundball, 4, EV 86.2 MPH)
|
Batting: RHB Greg Myers
|
0-0: Called Strike 0-1: Foul Ball, location: 2F 0-2: Ball 1-2: Ball 2-2: Ball 3-2: SINGLE (Flyball, 34D, EV 91.2 MPH) - OUT at second base trying to stretch hit.
|
Bottom of the 9th over - 0 runs, 1 hit, 0 errors, 0 left on base; Surprise 4 - Ellesmere Island 2 |
|